 Dungeon Crawl Stone Soup version 0.27.0-1-g7a089689b8 (webtiles) character file.

Game seed: 2868962340975579222

53070 Fv001 the Cleaver (level 14, -9/110 HPs)
             Began as a Demonspawn Fighter on Aug 10, 2021.
             Was a Believer of Qazlal.
             Mangled by an orc warrior (10 damage)
             ... on level 2 of the Orcish Mines.
             The game lasted 00:43:13 (19680 turns).

Fv001 the Cleaver (Demonspawn Fighter)             Turns: 19680, Time: 00:43:14

Health: -9/110     AC: 26    Str: 15    XL:     14   Next: 29%
Magic:  18/18      EV:  5    Int: 11    God:    Qazlal [**....]
Gold:   1088       SH:  0    Dex: 17    Spells: 13/13 levels left

rFire    . . .     SeeInvis +   a - +1 broad axe (elec)
rCold    . . .     Faith    .   p - +0 kite shield
rNeg     . . .     Spirit   .   K - +0 plate armour
rPois    +         Reflect  .   (helmet restricted)
rElec    +         Harm     .   t - +2 cloak {rPois}
rCorr    .         Rampage  .   x - +0 pair of gloves
Will     ++++.                  e - +0 pair of boots
Stlth    ..........             (no amulet)
HPRegen  0.28/turn              G - ring of the Firefly {+Blink Will+++ Str-2 Dex-4 SInv}
MPRegen  0.16/turn              h - ring of the Twenty Persimmons {rElec AC+4 Dex+5}

@: confused, ambrosia-drunk, very slightly contaminated, invisible
A: horns 2, demonic guardian 1, spiny 3, sharp scales 1, corrupting presence 1
a: Renounce Religion, Evoke Blink, Upheaval


You were on level 2 of the Orcish Mines.
You worshipped Qazlal.
Qazlal was pleased with you.
You visited 4 branches of the dungeon, and saw 19 of its levels.

You collected 1502 gold pieces.
You spent 414 gold pieces at shops.

Inventory:

Hand Weapons
 a - a +1 broad axe of electrocution (weapon)
 b - a +2 morningstar of flaming
 c - a +1 war axe of venom
Missiles
 F - a throwing net (quivered)
Armour
 e - a +0 pair of boots (worn)
 p - a +0 kite shield (worn)
 t - a +2 cloak of poison resistance (worn)
 x - a +0 pair of gloves (worn)
 y - the +0 ring mail of Arha {+Blink Fly rN+++}
   (You found it on level 10 of the Dungeon)

   rN:        It renders you almost immune to negative energy.
   Fly:       It grants you flight.
   +Blink:    It lets you blink.
 K - a +0 plate armour (worn)
Jewellery
 h - the ring of the Twenty Persimmons (right hand) {rElec AC+4 Dex+5}
   (You found it on level 2 of the Lair of Beasts)

   [ring of protection]

   AC:        It affects your AC (+4).
   Dex:       It affects your dexterity (+5).
   rElec:     It insulates you from electricity.
 l - a ring of protection from cold
 n - a ring of see invisible
 v - a ring of fire
 G - the ring of the Firefly (left hand) {+Blink Will+++ Str-2 Dex-4 SInv}
   (You bought it in a shop on level 1 of the Orcish Mines)

   [ring of see invisible]

   Str:       It affects your strength (-2).
   Dex:       It affects your dexterity (-4).
   SInv:      It lets you see invisible.
   +Blink:    It lets you blink.
   Will:      It greatly increases your willpower.
Wands
 g - a wand of paralysis (14)
 u - a wand of acid (7)
 w - a wand of mindburst (24)
 J - a wand of polymorph (11)
Scrolls
 m - a scroll of fog {unknown}
 q - a scroll of magic mapping
 r - 4 scrolls of silence
 C - 4 scrolls of teleportation
 E - a scroll of vulnerability {unknown}
 H - a scroll of blinking {unknown}
Potions
 d - a potion of might
 f - 2 potions of flight
 i - a potion of brilliance {unknown}
 j - 5 potions of curing
 k - 3 potions of attraction
 o - a potion of magic
 B - a potion of haste
 D - a potion of resistance {unknown}
 I - a potion of invisibility
Miscellaneous
 L - a box of beasts (inert)


   Skills:
 + Level 10.0 Fighting
 + Level 13.4(13.5) Axes
 + Level 1.3(9.0) Maces & Flails
 + Level 10.6 Armour
 + Level 2.6 Dodging
 + Level 5.4 Stealth
 + Level 10.5 Shields
 + Level 5.8 Invocations
 + Level 5.7 Evocations


You had 13 spell levels left.
You didn't know any spells.
Your spell library contained the following spells:

 Spells                   Type           Power      Damage    Failure   Level
 Animate Skeleton         Necr           0%         N/A       100%        1
 Apportation              Tloc           0%         N/A       100%        1
 Corona                   Hex            0%         N/A       100%        1
 Sandblast                Erth           0%         2d4       100%        1
 Summon Small Mammal      Summ           0%         N/A       100%        1
 Blink                    Tloc           N/A        N/A       100%        2
 Passwall                 Tmut/Erth      0%         N/A       100%        2
 Sublimation of Blood     Necr           0%         N/A       100%        2
 Lesser Beckoning         Tloc           0%         N/A       100%        3
 Ozocubu's Armour         Ice            0%         N/A       100%        3
 Petrify                  Tmut/Erth      0%         N/A       100%        4
 Alistair's Intoxication  Tmut/Pois      0%         N/A       100%        5
 Irradiate                Conj/Tmut      0%         3d13      100%        5
 Lee's Rapid Deconstruct  Erth           0%         3d5*      100%        5
 Manifold Assault         Tloc           0%         N/A       100%        5
 Summon Forest            Summ/Tloc      0%         N/A       100%        5
 Summon Mana Viper        Hex/Summ       0%         N/A       100%        5
 Invisibility             Hex            0%         N/A       100%        6
 Shadow Creatures         Summ           N/A        N/A       100%        6
 Ozocubu's Refrigeration  Ice            0%         4d5       100%        7


Dungeon Overview and Level Annotations

Branches:
Dungeon (10/15)            Temple (1/1) D:4            Lair (6/6) D:9
 Shoals (0/4) Lair:3        Snake (0/4) Lair:2        Slime (0/5) Lair:5
    Orc (2/2) D:10            Elf (0/3) Orc:2

Altars:
Ashenzari
Cheibriados
Dithmenos
Elyvilon
Fedhas
Gozag
Hepliaklqana
Kikubaaqudgha
Makhleb
Nemelex Xobeh
Okawaru
Qazlal
Ru
Sif Muna
Trog
Uskayaw
Vehumet
Wu Jian
Xom
Yredelemnul
Zin
The Shining One

Shops:
Orc:1 =

Annotations:
D:6 1 runed translucent door


Innate Abilities, Weirdness & Mutations

You have a pair of horns on your head.
A weak demonic guardian rushes to your aid.
You are completely covered in sharp spines.
You are partially covered in razor-sharp scales. (AC +1, Slay +1)
Your presence sometimes corrodes those you injure.


Message History

The arrow hits you but does no damage.
The centaur shoots an arrow.
You block the arrow.
You feel sick.
The centaur shoots an arrow.
You block the arrow.
Okay, then.
You are confused.
You feel invigorated.
You feel sick.
You fade into invisibility!
You feel sick.
The centaur shoots an arrow.
The arrow barely misses you.
You are very lightly contaminated with residual magic.
Unknown command.
You closely miss the centaur.
You headbutt the centaur, but do no damage.
You feel sick.
The orc warrior no longer looks unusually strong.
The centaur unwields a +0 shortbow.
The centaur hits you.
* * * LOW HITPOINT WARNING * * *
The centaur kicks you but does no damage.
The centaur shoots an arrow.
The arrow hits the orc warrior!
The orc warrior hits you from afar with a +0 halberd!
* * * LOW HITPOINT WARNING * * *
You hear a shout!
Unknown command.
You slash the centaur!
Your corrupting presence corrodes the centaur!
You headbutt the centaur.
The centaur is severely wounded.
You feel sick.
You are no longer poisoned.
You hear a shout!
The centaur hits you but does no damage.
The centaur kicks you but does no damage.
The orc high priest invokes the aid of Beogh against you.
Beogh smites you!
* * * LOW HITPOINT WARNING * * *
The centaur shoots an arrow.
The arrow hits the orc warrior.
The centaur is struck by your spines.
You kill the centaur!
Qazlal accepts your kill.
The orc warrior hits you from afar with a +0 halberd!
You die...

,,............##....>,,,,,,,,,,,,
,,.oo..........#....,,,,*,,,,,,≈≈
,,.o.o.o......#....,,,,,*,,,,,≈≈≈
,,..ooO.......)...,,**,,,,,,,,,,,
,,.........o.4o..#,,**,,,,,,,,,,,
,,.......o....co$#,,,,,,*,,,,,≈≈≈
,,.....oo...#..o###,**,,*,,,,,,≈≈
,,...h..oT.4.###).##.#..,,,,,,,,,
,,......)h..##*#@.......*,,,,,,,,
,,....§.....##..#..#.#..**,,,,,,,
...o.....#.#oo..,##.##,,,**,,**,,
....§.§.........#*,#.#*,,,,,,,,,,
.....o#..........,,,..#*,,,,,,,,,
................#,,,,#.#*********
o...o.......#..##*,***##
..o.....<...<###****
).......,,,,,,,**,**


You could see an orc high priest (strong, corroded), an orange demon (summoned),
2 orc warriors, a centaur and 2 orcs.

Vanquished Creatures
  Josephine (Orc:1)
  2 boulder beetles
  8 hydras
  2 catoblepae (Lair:6)
  3 two-headed ogres
  A deep troll shaman (Lair:6)
  10 death yaks (Lair:6)
  An orc knight (Orc:1)
  Maurice (Orc:1)
  6 elephants
  7 black mambas
  Maggie (D:9)
  A torpor snail (Lair:5)
  13 cane toads
  11 komodo dragons
  7 rime drakes
  A queen bee (Lair:2)
  2 polar bears (Lair:6)
  3 dream sheep (Lair:5)
  6 blink frogs
  A snapping turtle (Lair:3)
  7 wyverns
  47 yaks
  2 fire elementals (Lair:5)
  3 wraiths (Orc:1)
  8 basilisks
  A steam dragon (D:8)
  3 nagas (Lair:2)
  5 wargs
  13 water moccasins
  A sky beast (D:6)
  6 orc warriors
  4 black bears
  2 ice beasts
  5 ogres
  4 centaurs
  12 wolves
  A phantom (D:5)
  4 bullfrogs
  A wyvern zombie (D:9)
  A gnoll sergeant (D:8)
  10 scorpions
  A water moccasin skeleton (D:7)
  35 killer bees
  8 wights
  4 howler monkeys
  2 centaur zombies
  4 orc priests
  3 hounds
  14 jellies
  A centaur skeleton (D:5)
  Ijyb (D:5)
  Crazy Yiuf (D:4)
  Jessica (D:3)
  3 iguanas (D:4)
  7 orc wizards
  2 howler monkey zombies
  11 gnolls
  9 adders
  A white imp (D:6)
  A dart slug (D:3)
  45 orcs
  4 ball pythons
  8 endoplasms
  2 giant cockroaches (D:2)
  3 goblins
  4 hobgoblins
  4 quokkas
  8 bats
  2 frilled lizards (D:1)
  7 kobolds
  6 rats
  4 butterflies (D:6)
434 creatures vanquished.

Vanquished Creatures (collateral kills)
  An oklob plant (Lair:1)
  3 jellies (Lair:5)
  Terence (D:2)
5 creatures vanquished.

Vanquished Creatures (others)
  12 bushes (Lair:6)
  13 fungi
  49 plants
74 creatures vanquished.

Grand Total: 513 creatures vanquished

Notes
Turn   | Place    | Note
-------+----------+-------------------------------------------
     0 | D:1      | Fv001 the Demonspawn Fighter began the quest for the Orb.
     0 | D:1      | Reached XP level 1. HP: 18/18 MP: 1/1
   541 | D:1      | Gained mutation: You are partially covered in sharp spines.
                  | [demonic ancestry]
   541 | D:1      | Reached XP level 2. HP: 24/24 MP: 2/2
  1051 | D:2      | Reached skill level 2 in Axes
  1062 | D:2      | Gained mutation: A weak demonic guardian rushes to your
                  | aid. [demonic ancestry]
  1062 | D:2      | Reached XP level 3. HP: 29/29 MP: 3/3
  1233 | D:2      | Found a faded altar of an unknown god.
  1332 | D:2      | Noticed Terence
  1341 | D:2      | Killed Terence
  1405 | D:2      | Reached XP level 4. HP: 35/35 MP: 4/4
  1541 | D:2      | Found a snail-covered altar of Cheibriados.
  2248 | D:3      | Found a snail-covered altar of Cheibriados.
  2292 | D:3      | Found a shimmering blue altar of Sif Muna.
  2321 | D:3      | Noticed Jessica
  2326 | D:3      | Killed Jessica
  2447 | D:3      | Reached skill level 3 in Axes
  2919 | D:4      | Noticed an ogre
  2923 | D:4      | Noticed a black bear
  2935 | D:4      | Killed an ogre
  2936 | D:4      | Gained mutation: You have a pair of small horns on your
                  | head. [demonic ancestry]
  2936 | D:4      | Reached XP level 5. HP: 41/42 MP: 5/5
  2947 | D:3      | Killed a black bear
  2948 | D:3      | Gained mutation: You are partially covered in razor-sharp
                  | scales. (AC +1, Slay +1) [demonic ancestry]
  2948 | D:3      | Reached XP level 6. HP: 34/48 MP: 6/6
  3084 | D:4      | Reached skill level 1 in Stealth
  3100 | D:4      | Reached skill level 4 in Axes
  3191 | D:4      | Found a staircase to the Ecumenical Temple.
  3205 | D:4      | Gained mutation: You are mostly covered in sharp spines.
                  | [demonic ancestry]
  3205 | D:4      | Reached XP level 7. HP: 49/54 MP: 7/7
  3230 | Temple   | Entered the Ecumenical Temple
  3297 | Temple   | Became a worshipper of Qazlal Stormbringer
  3680 | D:4      | Found a runed translucent door.
  3681 | D:4      | Noticed Crazy Yiuf
  3838 | D:4      | Killed Crazy Yiuf
  3980 | D:5      | Entered Level 5 of the Dungeon
  4004 | D:5      | Reached skill level 1 in Dodging
  4009 | D:5      | Noticed Ijyb
  4017 | D:5      | Killed Ijyb
  4025 | D:5      | Reached skill level 5 in Axes
  4031 | D:5      | Gained mutation: You are completely covered in sharp
                  | spines. [demonic ancestry]
  4031 | D:5      | Reached XP level 8. HP: 61/61 MP: 8/8
  4130 | D:5      | Identified the ring of Subey {Ice MP+9}
  4266 | D:5      | Reached skill level 5 in Armour
  4303 | D:5      | Reached skill level 5 in Fighting
  4866 | D:6      | Reached * piety under Qazlal
  4873 | D:6      | Reached skill level 6 in Axes
  4913 | D:6      | Found a burning altar of Makhleb.
  4919 | D:6      | Reached skill level 1 in Evocations
  5023 | D:6      | Found a runed translucent door.
  5024 | D:6      | Found a runed translucent door.
  5100 | D:6      | Reached skill level 7 in Axes
  5638 | D:6      | Reached XP level 9. HP: 46/65 MP: 9/9
  5990 | D:7      | Noticed a two-headed ogre
  5994 | D:7      | Killed a two-headed ogre
  5995 | D:7      | Reached skill level 5 in Shields
  6609 | D:7      | Reached ** piety under Qazlal
  6842 | D:7      | Reached skill level 8 in Axes
  7019 | D:7      | Found an ancient bone altar of Kikubaaqudgha.
  7630 | D:8      | Gained mutation: Your presence sometimes corrodes those you
                  | injure. [demonic ancestry]
  7630 | D:8      | Reached XP level 10. HP: 63/77 MP: 10/10
  8132 | D:9      | Noticed a two-headed ogre
  8137 | D:9      | Killed a two-headed ogre
  8138 | D:9      | Reached skill level 1 in Invocations
  8378 | D:9      | Found a staircase to the Lair.
  8379 | D:9      | Noticed Maggie
  8387 | D:9      | Killed Maggie
  8647 | D:9      | Reached skill level 9 in Axes
  8770 | D:9      | Found a broken altar of Ashenzari.
  8942 | Lair:1   | Entered Level 1 of the Lair of Beasts
  8942 | Lair:1   | Noticed an oklob plant
  8983 | Lair:1   | Noticed a seven-headed hydra
  8989 | Lair:1   | Killed a seven-headed hydra
  9108 | Lair:1   | Reached XP level 11. HP: 69/84 MP: 13/13
  9325 | Lair:1   | Noticed an eight-headed hydra
  9335 | Lair:1   | Killed an eight-headed hydra
 10070 | Lair:2   | Reached skill level 10 in Axes
 10110 | Lair:2   | Found a basalt altar of Yredelemnul.
 10845 | Lair:2   | Found a staircase to the Snake Pit.
 11359 | Lair:2   | Gained mutation: You have a pair of horns on your head.
                  | [demonic ancestry]
 11359 | Lair:2   | Reached XP level 12. HP: 24/93 MP: 3/14
 11983 | Lair:2   | Identified the ring of the Twenty Persimmons {rElec AC+4
                  | Dex+5}
 12612 | Lair:3   | Noticed a six-headed hydra
 12616 | Lair:3   | Killed a six-headed hydra
 12863 | Lair:3   | Found a staircase to the Shoals.
 13058 | Lair:4   | Reached skill level 11 in Axes
 13410 | Lair:4   | Noticed a boulder beetle
 13422 | Lair:4   | Killed a boulder beetle
 13423 | Lair:4   | Reached skill level 5 in Evocations
 14600 | Lair:5   | Noticed a six-headed hydra
 14606 | Lair:5   | Killed a six-headed hydra
 14808 | Lair:5   | Noticed a six-headed hydra
 14823 | Lair:5   | Killed a six-headed hydra
 14882 | Lair:5   | Reached XP level 13. HP: 101/101 MP: 16/16
 14915 | Lair:5   | Reached skill level 1 in Maces & Flails
 15199 | Lair:5   | Found a staircase to the Slime Pits.
 15838 | Lair:6   | Entered Level 6 of the Lair of Beasts
 15853 | Lair:6   | Reached skill level 10 in Armour
 16068 | Lair:6   | Reached skill level 12 in Axes
 16101 | Lair:6   | Reached skill level 5 in Stealth
 16487 | Lair:6   | Reached skill level 10 in Shields
 16508 | Lair:6   | Identified a scroll of acquirement
 16876 | Lair:6   | Reached skill level 5 in Invocations
 17100 | Lair:6   | Reached skill level 13 in Axes
 17100 | Lair:6   | Reached XP level 14. HP: 49/109 MP: 16/18
 18004 | Lair:1   | Acquired a +1 broad axe of electrocution
 18042 | D:10     | Entered Level 10 of the Dungeon
 18134 | D:10     | Found a staircase to the Orcish Mines.
 18199 | D:10     | Found an ornate altar of the Wu Jian Council.
 18201 | D:10     | Identified the +0 ring mail of Arha {+Blink Fly rN+++}
 18895 | Orc:1    | Entered Level 1 of the Orcish Mines
 18933 | Orc:1    | Found Mudwunir's Jewellery Shop.
 18936 | Orc:1    | Noticed Josephine
 18950 | Orc:1    | Killed Josephine
 19141 | Orc:1    | Bought the ring of the Firefly {+Blink Will+++ Str-2 Dex-4
                  | SInv} for 414 gold pieces
 19246 | Orc:1    | Noticed Maurice
 19258 | Orc:1    | Killed Maurice
 19473 | Orc:2    | Entered Level 2 of the Orcish Mines
 19503 | Orc:1    | Reached skill level 10 in Fighting
 19664 | Orc:2    | Noticed an orc warlord
 19673 | Orc:2    | Found a staircase to the Elven Halls.
 19680 | Orc:2    | HP: 1/110 [orc high priest/divine providence (16)]
 19680 | Orc:2    | Mangled by an orc warrior

Illustrated notes

Levels and vault maps discovered:
D:1:      roderic_dead_forest, layout_basic
D:2:      layout_basic, basic_altar, dreamdust_ecumenical_altar_grove,
          uniq_terence
D:3:      layout_basic, grunt_temple_overflow_open, uniq_jessica
D:4:      layout_rooms, minmay_temple_entry_tees, uniq_crazy_yiuf_cottage
D:5:      layout_rooms, uniq_ijyb
D:6:      lemuel_insect_pit, layout_cave_pods,
          chequers_temple_overflow_statue_of_worship
D:7:      layout_basic, kennysheep_little_box, zin_treasury
D:8:      layout_basic
D:9:      layout_loops_ring, nicolae_ashenzari_skybound, dpeg_oklobed_lair,
          uniq_maggie
D:10:     layout_irregular_city, nicolae_wu_jian_wuxing_cycle,
          minmay_orc_entry_guard_dogs
Temple:   eino_temple_water
Lair:1:   layout_gridlike, st_stairs_11, dpeg_stationary_puzzle,
          grunt_megastairs_5, lemuel_fruit_tree
Lair:2:   regret_index_wax_grids, layout_gridlike, guppyfry_snake_entry_garden,
          basic_altar
Lair:3:   layout_misc_corridors, minmay_shoals_entry_hut,
          infiniplex_staircase_pool
Lair:4:   layout_layer_cave, minivault_11
Lair:5:   layout_gridlike, minmay_slime_entry_jelly_boxes
Lair:6:   grunt_lair_end_beastmaster, layout_hall_layers, minivault_19,
          minmay_hedge_maze, serial_bayou_shore_a
Orc:1:    layout_caves, serial_shops, shop_coins, uniq_josephine, uniq_maurice
Orc:2:    st_orc_rangers, layout_caves, serial_shops, bzr_entry_road

Skill      XL: |  1  2  3  4  5  6  7  8  9 10 11 12 13 14 |
---------------+-------------------------------------------+-----
Armour         | 3 4 5 6 7 8 9 10 | 10.6
Shields        | 3 4 5 6 8 9 10 | 10.5
Axes           | 2 3 4 5 7 8 9 10 11 13 | 13.4
Fighting       | 4 5 6 7 8 9 10 | 10.0
Stealth        | 1 3 5 |  5.4
Dodging        | 1 2 |  2.6
Evocations     | 1 3 4 5 |  5.7
Invocations    | 3 4 5 |  5.8
Maces & Flails | 1 |  1.3

Action                   |  1- 3 |  4- 6 |  7- 9 | 10-12 | 13-15 || total
-------------------------+-------+-------+-------+-------+-------++-------
Melee: War axe           |    55 |    56 |   163 |   377 |   267 ||   918
       Headbutt          |       |     3 |    27 |    97 |   117 ||   244
       Morningstar       |       |       |       |     4 |     4 ||     8
       Broad axe         |       |       |       |       |    98 ||    98
Invok: Upheaval          |       |       |     1 |    19 |    16 ||    36
Evoke: Wand              |       |     1 |    35 |    36 |    15 ||    87
       Box of beasts     |       |       |       |       |     1 ||     1
  Use: Scroll            |     1 |     5 |     9 |     7 |     4 ||    26
       Potion            |       |       |       |     2 |     4 ||     6
 Stab: Paralysed         |       |       |       |     8 |     4 ||    12
       Petrified         |       |       |       |       |     8 ||     8
       Petrifying        |       |       |       |       |     1 ||     1
       Distracted        |       |       |       |       |     2 ||     2
Armor: Scale mail        |    22 |     9 |       |       |       ||    31
       Chain mail        |       |    37 |    83 |   113 |       ||   233
       Plate armour      |       |       |       |     5 |   172 ||   177
       Skin              |       |       |       |       |     9 ||     9
Dodge: Dodged            |    15 |    21 |    36 |    91 |    59 ||   222
Block: Kite shield       |    21 |    28 |   106 |   290 |   276 ||   721
